Map: Central Protocol

Players

llllllllllll - Winner!

  • Race: Zerg Zerg
  • League: Grandmaster

State

  • Race: Protoss Protoss
  • League: Grandmaster

VOD

Have the link to the VOD?

Description

Time

  • Played on: Nov. 24, 2015, 11:48 p.m.
  • Length: 2:51
Show
View Real Time Build Order
Export as new Build Order

llllllllllll Zerg - Winner!

Build Orders: Pool First 

Get SALT Encoding   

  12  0:03  Drone  
  13  0:18  Extractor  
  12  0:24  Spawning Pool  
  11  0:28  Drone  
  11  0:33  Drone  
  13  0:42  Drone  
  14  0:46  Overlord  
  14  1:11  Zergling x6  
  16  1:16  Queen  
  19  1:26  Metabolic Boost  
  19  1:30  Zergling x2  
  20  1:35  Zergling x2  
  21  2:01  Hatchery, Zergling x2  
  22  2:05  Zergling x2  
Show
View Real Time Build Order
Export as new Build Order

State Protoss 

Build Orders:  

Get SALT Encoding   

  12  0:02  Probe (Chrono Boost)  
  13  0:12  Probe (Chrono Boost)  
  14  0:17  Pylon  
  14  0:23  Probe (Chrono Boost)  
  16  0:35  Probe (Chrono Boost)  
  16  0:46  Probe (Chrono Boost)  
  17  1:02  Probe (Chrono Boost)  
  18  1:04  Assimilator  
  18  1:05  Assimilator  
  18  1:08  Gateway  
  18  1:12  Probe (Chrono Boost)  
  19  1:19  Pylon  
  19  1:23  Probe (Chrono Boost)  
  20  1:33  Probe (Chrono Boost)  
  21  1:41  Gateway  
  21  1:44  Probe (Chrono Boost)  
  22  1:55  Cybernetics Core  
  22  1:57  Probe (Chrono Boost)  
  25  2:07  Probe (Chrono Boost)  
  26  2:26  Pylon  
  26  2:28  Pylon  
Tags
 
Add a new tag
Caveats
  • Supply blocks, unpowered buildings, or Contaminate may cause inaccurate times.
  • Supply counts are checked every 10 seconds.